 Dungeon Crawl Stone Soup version 0.13.0-21-ge43020b (webtiles) character file.

385 NickiMinaj the Chopper (level 6, -4/48 HPs)
             Began as a Human Berserker on Oct 26, 2013.
             Was a Believer of Trog.
             Slain by a centaur (6 damage)
             ... on Level 5 of the Dungeon.
             The game lasted 00:06:31 (1897 turns).

NickiMinaj the Chopper (Human Berserker)            Turns: 1897, Time: 00:06:32

HP  -4/48        AC  5     Str 18      XL: 6   Next: 27%
MP   5/5         EV 10     Int  7      God: Trog [**....]
Gold 150         SH  0     Dex 14      Spells:  0 memorised,  5 levels left

Res.Fire  : . . .   See Invis. : .   a - +1,+0 dwarf war axe
Res.Cold  : . . .   Warding    : .   k - +0 ring mail
Life Prot.: . . .   Conserve   : .   (no shield)
Res.Poison: .       Res.Corr.  : .   (no helmet)
Res.Elec. : .       Clarity    : .   (no cloak)
Sust.Abil.: . .     Spirit.Shd : .   (no gloves)
Res.Mut.  : .       Stasis     : .   (no boots)
Res.Rott. : .       Flight     : .   (no amulet)
Saprovore : . . .                    (no ring)
                                     (no ring)

@: slightly resistant to hostile enchantments, very unstealthy
A: no striking features
a: Burn Spellbooks, Berserk, Trog's Hand, Renounce Religion


You were on level 5 of the Dungeon.
You worshipped Trog.
Trog was pleased with you.
You were not hungry.

You visited 1 branch of the dungeon, and saw 5 of its levels.

You collected 130 gold pieces.

Inventory:

Hand weapons
 a - a +1,+0 dwarven war axe (weapon)
 b - a +0 blowgun
 p - a +0,+0 hand axe {=f}
 z - a +0,+0 bow
Missiles
 n - 8 javelins (quivered)
 o - 8 javelins of penetration
 r - 7 poisoned needles
Armour
 k - a +0 ring mail (worn)
 q - a +0 animal skin
Magical devices
 v - a wand of draining (5) {unknown}
Comestibles
 c - 2 bread rations
 t - an orange
 u - an apple
 x - 4 rotting chunks of centaur flesh
 A - a chunk of bat flesh
Scrolls
 f - a scroll of amnesia {unknown}
 g - a scroll of magic mapping {unknown}
 i - a scroll of identify {unknown}
 l - a scroll of curse armour {unknown}
 s - a scroll of noise {unknown}
 w - a scroll of remove curse {unknown}
 y - a scroll of enchant weapon II {unknown}
Jewellery
 h - a cursed -2 ring of intelligence {unknown}
 j - an uncursed amulet of faith {unknown}
 m - a cursed -3 ring of evasion {unknown}
Potions
 d - a potion of curing {unknown}
 e - a potion of mutation {unknown}


   Skills:
 - Level 3.0 Fighting
 + Level 5.6 Axes
 - Level 3.8 Armour
 - Level 2.0 Dodging


You had 5 spell levels left.
You didn't know any spells.

Dungeon Overview and Level Annotations

Branches:
Dungeon (5/27)             Temple (0/1) D:5

Altars:


Message History

* * * LOW HITPOINT WARNING * * *
The centaur hits you.
* * * LOW HITPOINT WARNING * * *
You are too injured to fight recklessly!
You are too injured to fight recklessly!
You hit the centaur.
The centaur is almost dead.
The centaur hits you.
* * * LOW HITPOINT WARNING * * *
You hit the centaur but do no damage.
The centaur is almost dead.
The centaur hits you.
* * * LOW HITPOINT WARNING * * *
The centaur closely misses you.
You hit the centaur.
The centaur is almost dead.
The centaur hits you.
* * * LOW HITPOINT WARNING * * *
The centaur hits you.
You die...

..#########
...........
#.......#.#
#.........
#.......# .#
#......!##..#
######......)..#
...........@c#
...........####
...........#
⌠...#####..#
.....#####..#
>.⌠.....%..#
............#####
⌠...#..........[.
# #..#######..


You could see a centaur.

Vanquished Creatures
  A centaur (D:5)
  A crimson imp (D:5)
  A worker ant (D:4)
  3 adders
  3 worms
  2 giant geckos
  An ooze (D:3)
  3 orcs
  2 ball pythons
  A bat skeleton (D:4)
  7 giant cockroaches
  3 goblins
  6 hobgoblins
  5 bats
  2 giant newts
  5 kobolds
  8 rats
54 creatures vanquished.

Notes
Turn   | Place    | Note
--------------------------------------------------------------
     0 | D:1      | NickiMinaj, the Human Berserker, began the quest for the Orb.
     0 | D:1      | Reached XP level 1. HP: 18/18 MP: 0/0
   156 | D:1      | Reached XP level 2. HP: 21/24 MP: 1/1
   431 | D:2      | Reached XP level 3. HP: 28/30 MP: 2/2
   539 | D:3      | Reached skill level 4 in Axes
   628 | D:3      | Acquired Trog's second power
   923 | D:3      | Reached XP level 4. HP: 22/36 MP: 3/3
  1313 | D:4      | Reached XP level 5. HP: 18/41 MP: 4/4
  1640 | D:5      | Entered Level 5 of the Dungeon
  1640 | D:5      | Noticed a centaur
  1654 | D:5      | Killed a centaur
  1654 | D:5      | Reached skill level 5 in Axes
  1746 | D:5      | Reached XP level 6. HP: 25/48 MP: 5/5
  1868 | D:5      | Found a staircase to the Ecumenical Temple.
  1885 | D:5      | Noticed a centaur
  1897 | D:5      | HP: 2/48 [centaur (6)]
  1897 | D:5      | Slain by a centaur

Action                   |  1- 3 |  4- 6 || total
-------------------------+-------+-------++-------
Melee: Hand axe          |    83 |    50 ||   133
       War axe           |       |    58 ||    58
Throw: Javelin           |     3 |       ||     3
Invok: Berserk           |     3 |     1 ||     4
       Trog's Hand       |     1 |       ||     1
